 Dungeon Crawl Stone Soup version 0.30-a0-626-gd6a5dd7a1f (webtiles) character file.

Game seed: 5987096897166753584

347 greasedhog the Trooper (level 6, -2/59 HPs)
             Began as an Armataur Fighter on Jan 11, 2023.
             Slain by a gnoll
             ... wielding a +0 flail
              (5 damage)
             ... on level 3 of the Dungeon.
             The game lasted 00:02:55 (3105 turns).

greasedhog the Trooper (Armataur Fighter)           Turns: 3105, Time: 00:02:56

Health: -2/59      AC:  9    Str: 23    XL:     6   Next: 33%
Magic:  6/6        EV:  4    Int:  8    God:
Gold:   136        SH:  4    Dex: 10    Spells: 5/5 levels left

rFire   . . .      SeeInvis .    a - +1 flail
rCold   . . .      Faith    .    c - +0 buckler
rNeg    . . .      Spirit   .    o - +0 plate armour
rPois   .          Reflect  .    (no helmet)
rElec   .          Harm     .    (no cloak)
rCorr   .          Roll     +    (no gloves)
Will    .....                    (no barding) Stlth
                                 (no amulet)
HPRegen 0.29/turn                (no ring)
MPRegen 0.10/turn                (no ring)

@: about to teleport
A: large, rugged brown scales 3, deformed body, armoured tail, roll, long
tongue, awkward tongue
a: no special abilities


You were on level 3 of the Dungeon.
You visited 1 branch of the dungeon, and saw 3 of its levels.

You collected 136 gold pieces.

Inventory:

Hand Weapons
 a - a +1 flail (weapon)
Armour
 c - a +0 buckler (worn)
 o - a +0 plate armour (worn)
Scrolls
 b - 2 scrolls of teleportation
 f - a scroll of enchant weapon
 g - 2 scrolls of amnesia {unknown}
 j - a scroll of acquirement {unknown}
 k - a scroll of enchant armour {unknown}
 q - a scroll of noise {unknown}
Potions
 d - 3 potions of might
 e - a potion of curing {unknown}
 h - 2 potions of attraction {unknown}
 i - a potion of brilliance
 l - a potion of mutation
 m - a potion of degeneration {unknown}
 n - a potion of heal wounds {unknown}
 p - 3 potions of ambrosia {unknown}


   Skills:
 * Level 5.0 Fighting
 * Level 4.5 Maces & Flails
 - Level 3.6 Armour
 - Level 3.2 Shields


You had 5 spell levels left.
You didn't know any spells.
Your spell library was empty.

Dungeon Overview and Level Annotations

Branches:
Dungeon (3/15)

Altars:
Uskayaw

Annotations:
D:3 1 runed translucent door, Crazy Yiuf


Innate Abilities, Weirdness & Mutations

You are completely covered in rugged brown scales. (AC +3, +7% HP)
Armour fits poorly on your strangely shaped body.
You have a long armoured tail.
You roll when moving toward enemies. (Rampage)
Your long tongue fully drains potion bottles. (2x potion effects)
Your tongue gives you trouble enunciating. (1.5x scroll delay)


Message History

The gnoll hits you with a +0 flail! The gnoll hits you but does no damage.
An orc priest comes into view. It is wielding a +0 dagger.
You barely miss the gnoll.
The orc hits you from afar with a +0 trident.
The gnoll hits you but does no damage.
The orc priest miscasts a cantrip.
You block the gnoll's attack.
You barely miss the gnoll. The orc hits you but does no damage.
The gnoll hits you with a +0 flail! The gnoll barely misses you.
You closely miss the gnoll. You tail-slap the gnoll.
The gnoll is moderately wounded.
The orc hits you but does no damage.
The gnoll hits you from afar with a +0 spear!
The gnoll hits you with a +0 whip. You block the gnoll's attack.
You are too injured to fight recklessly!
You are too injured to fight recklessly!
You are too injured to fight recklessly!
You are too injured to fight recklessly!
You are too injured to fight recklessly!
You are too injured to fight recklessly!
You are too injured to fight recklessly!
You are too injured to fight recklessly!
You are too injured to fight recklessly!
You are too injured to fight recklessly!
You are too injured to fight recklessly!
You are too injured to fight recklessly!
You are too injured to fight recklessly!
You are too injured to fight recklessly!
You are too injured to fight recklessly!
You are too injured to fight recklessly!
Unknown command.
As you slowly read the scroll of teleportation, it crumbles to dust.
You feel strangely unstable. The orc hits you but does no damage.
The orc priest calls down the wrath of Beogh upon you.
Beogh smites you!
* * * LOW HITPOINT WARNING * * *
The gnoll hits you from afar with a +0 spear.
* * * LOW HITPOINT WARNING * * *
The gnoll completely misses you. The gnoll hits you with a +0 flail.
You die...

~~~~≈~~≈~≈~~~~~~~≈~~≈#####≈~....#
.....................#.og#≈~....#
######################...#≈~P...#
#'###≈≈....# ###################
# #.~≈~....#
...#8..8#.........#.# #.~~~..P.#
8..'....'.........#.# #.~~~....#
8..'....'.........'.# #.~~~....#
..#....#......@g.#.# #.~~≈....#
#....#######g'#### #.≈~~....#
#....# oo.g.. #.~≈≈....# #....#
#...o....#.~≈~....# #....#
.......#'###≈~P...#
#####''''#############...#≈≈....#
.....................#oo.#≈~....#
~~~~≈....≈~~~≈~~~≈≈~~#####≈~....#
≈≈≈≈~....~≈≈~≈≈≈≈≈≈≈≈≈≈≈≈≈≈~....#


You could see an orc priest, 3 gnolls and 2 orcs.

Vanquished Creatures
  A kobold brigand (D:3)
  2 howler monkeys (D:3)
  A hound (D:3)
  5 gnolls (D:3)
  4 adders
  A worm (D:2)
  A dart slug (D:3)
  11 orcs (D:3)
  3 endoplasms
  4 goblins
  3 hobgoblins
  16 jackals
  4 kobolds
  2 quokkas
  5 ball pythons
  2 bats
  4 frilled lizards
  4 rats
73 creatures vanquished.

Vanquished Creatures (others)
  A plant (D:3)
1 creature vanquished.

Grand Total: 74 creatures vanquished

Notes
Turn   | Place    | Note
-------+----------+-------------------------------------------
     0 | D:1      | greasedhog the Armataur Fighter began the quest for the
                  | Orb.
     0 | D:1      | Reached XP level 1. HP: 19/19 MP: 1/1
   329 | D:1      | Reached skill level 3 in Fighting
   346 | D:1      | Reached XP level 2. HP: 25/27 MP: 2/2
  1295 | D:2      | Reached XP level 3. HP: 26/33 MP: 3/3
  1547 | D:2      | Found a faded altar of an unknown god.
  2167 | D:3      | Reached XP level 4. HP: 32/42 MP: 4/4
  2234 | D:3      | Found a hide-covered altar of Uskayaw.
  2360 | D:3      | Noticed a kobold brigand
  2391 | D:3      | Reached skill level 4 in Fighting
  2402 | D:3      | Killed a kobold brigand
  2403 | D:3      | Reached XP level 5. HP: 14/50 MP: 5/5
  2632 | D:3      | Reached XP level 6. HP: 45/58 MP: 6/6
  2767 | D:3      | Found a runed translucent door.
  2768 | D:3      | Noticed Crazy Yiuf
  3035 | D:3      | Reached skill level 5 in Fighting
  3105 | D:3      | Slain by a gnoll

Illustrated notes

Levels and vault maps discovered:
D:1:      heliophobic_arrival_dark_side_of_the_moon, layout_loops_ring,
          roderic_lattice_a, corexii_hall_statues_x
D:2:      minmay_wonky_spiral, layout_basic,
          hellmonk_ecumenical_altar_inner_sanctum, minivault_27
D:3:      lemuel_castle_with_subvaults [lemuel_castle_interior_carwin_2],
          layout_loops_ring, mainiacjoe_overflow_six_doors_small,
          uniq_crazy_yiuf_cottage

Skill      XL: |  1  2  3  4  5  6 |
---------------+-------------------+-----
Maces & Flails | 2 3 4 |  4.5
Fighting       | 3 4 5 |  5.0
Armour         | |  3.6
Shields        | |  3.2

Action                   |  1- 3 |  4- 6 || total
-------------------------+-------+-------++-------
Melee: Flail             |   121 |   104 ||   225
       Tailslap          |    12 |    10 ||    22
Throw: Javelin           |       |     3 ||     3
  Use: Scroll            |     5 |     1 ||     6
Armor: Scale mail        |    20 |       ||    20
       Chain mail        |    37 |       ||    37
       Plate armour      |    20 |   115 ||   135
Dodge: Dodged            |    43 |    25 ||    68
Block: Buckler           |    19 |    28 ||    47

Table legend: (Time is in decaauts)
 A = Elapsed time spent in this place.
 B = Non-inter-level travel time spent in this place.
 C = Inter-level travel time spent in this place.
 D = Time resting spent in this place.
 E = Time spent auto-exploring this place.
 F = Levels seen in this place.
 G = Mean time per level.
                   A        B        C        D        E       F      G
               +--------+--------+--------+--------+--------+-----+--------+
         Total |   3169 |   3067 |    102 |     83 |   2423 |   3 | 1056.3 |
       Dungeon |   3169 |   3067 |    102 |     83 |   2423 |   3 | 1056.3 |
               +--------+--------+--------+--------+--------+-----+--------+

Top non-repeatable levels by time:
     D:1: 1070 daAuts
     D:2: 1056 daAuts
     D:3: 1042 daAuts
